Little Stars vs Rampage
(R1)
Created - March 9, 2022 at 19:35
Goals
|
| Little Stars |
1 |
1 |
1 |
3 |
| Rampage |
1 |
0 |
1 |
2 |
|
Shots
|
| Little Stars |
4 |
21 |
8 |
33 |
| Rampage |
15 |
4 |
8 |
27 |
|
1st period
1. Rampage , Scott Wilson 1 (Jack Roslovic 25, Tony DeAngelo 21) at 13:58 (PP)
2. Little Stars , Ilya Mikheyev 26 (Anton Cederholm 18, Tyler Wotherspoon 20) at 18:40 (PP)
Penalties :
Eric Knodel (Tex) for Hooking (Minor) at 12:44, Jean-Sebastien Dea (San) for Hooking (Minor) at 18:19
2nd period
3. Little Stars , Daniel O'regan 13 (Jordan LaVallee 27) at 12:36 (PP)
Penalties :
Collin Miller (San) for Tripping (Minor) at 1:08, Tyler Wotherspoon (Tex) for Holding (Minor) at 9:25, Scott Wilson (San) for Hooking (Minor) at 12:27, T.J. Tynan (San) for Roughing (Minor) at 19:18
3rd period
4. Rampage , Denis Gurianov 11 (Ryan Lomberg 22, T.J. Tynan 15) at 8:02
5. Little Stars , Adam Tambellini 18 (Sebastian Wannstrom 16, Henrik Borgstrom 23) at 13:36
Penalties :
Mathieu Joseph (San) for Hooking (Minor) at 2:50, Ilya Mikheyev (Tex) for Hooking (Minor) at 8:23, Jean-Sebastien Dea (San) for Tripping (Minor) at 15:39
Goalie Stats
Dustin Tokarski (Tex), 25 saves from 27 shots - (0.926), W, 7-7-1, 60:00 minutes
Elvis Merzlikins (San), 30 saves from 33 shots - (0.909), L, 15-10-6, 59:02 minutes
Players Stats for Little Stars
Player Name G A P +/- PIM S H SB GA TA FO MP PP MP PK MP
------------------------------------------------------------------------------------
Adam Tambellini 1 0 1 1 0 3 3 0 1 0 0/0 17:06 3:55 1:42
Anton Cederholm 0 1 1 -1 0 3 0 3 0 2 0/0 27:56 4:58 3:21
Daniel O'regan 1 0 1 0 0 5 2 1 2 1 19/35 23:20 4:28 3:15
Daniil Tarasov 0 0 0 0 0 0 1 1 1 0 0/0 9:33 0:03 0:00
Eric Knodel 0 0 0 1 2 3 2 0 0 1 0/0 20:00 3:25 1:49
Henrik Borgstrom 0 1 1 1 0 1 3 0 0 1 4/10 16:04 3:55 0:44
Ilya Mikheyev 1 0 1 0 2 4 1 2 2 0 1/3 20:04 4:28 0:00
Jason Dickinson 0 0 0 -1 0 1 0 0 0 0 4/8 11:22 0:03 1:13
Joakim Nygard 0 0 0 -1 0 1 2 0 0 0 0/0 10:42 0:03 0:10
Jordan LaVallee 0 1 1 0 0 3 3 2 2 0 0/0 23:26 4:28 3:20
Michael Mersch 0 0 0 0 0 2 1 1 0 0 0/0 8:46 0:00 0:00
Reece Willcox 0 0 0 1 0 0 1 1 0 0 0/0 20:03 3:25 1:51
Roman Horak 0 0 0 0 0 2 0 0 0 0 1/3 8:46 0:00 0:00
Sebastian Wannstrom 0 1 1 1 0 1 1 0 0 0 0/0 15:20 3:55 0:00
Tucker Poolman 0 0 0 0 0 1 0 0 0 0 0/0 13:17 0:03 1:03
Tyler Wotherspoon 0 1 1 -1 2 2 1 8 0 0 0/0 26:41 4:58 2:20
Ville Pokka 0 0 0 0 0 0 1 1 0 0 0/0 12:01 0:03 0:00
Zach Budish 0 0 0 -1 0 1 2 0 0 1 0/0 10:18 0:00 0:00
Players Stats for Rampage
Player Name G A P +/- PIM S H SB GA TA FO MP PP MP PK MP
------------------------------------------------------------------------------------
Adam Clendening 0 0 0 1 0 1 1 2 0 0 0/0 18:45 0:41 4:17
Artturi Lehkonen 0 0 0 0 0 1 2 0 0 0 0/0 10:47 0:00 2:04
Collin Miller 0 0 0 1 2 0 0 1 0 0 0/0 17:02 1:33 3:13
Denis Gurianov 1 0 1 1 0 4 1 0 0 0 0/1 13:27 1:39 0:00
Dylan Gambrell 0 0 0 0 0 0 1 0 0 0 1/1 8:29 0:00 0:06
Dylan Sikura 0 0 0 0 0 0 0 0 0 0 0/0 11:00 3:28 0:00
Ethan Bear 0 0 0 -1 0 3 0 2 0 1 0/0 18:28 3:39 1:04
Jack Roslovic 0 1 1 -1 0 6 1 2 0 2 17/34 22:15 3:32 3:36
Jean-Sebastien Dea 0 0 0 0 4 0 2 0 1 0 5/10 12:54 1:39 0:20
Jordan Greenway 0 0 0 0 0 0 2 1 2 1 0/1 13:45 0:00 3:01
Kevan Miller 0 0 0 0 0 1 0 0 0 1 0/0 21:34 1:20 0:00
Mathieu Joseph 0 0 0 0 2 2 3 0 0 0 0/0 11:11 0:05 1:48
Nikita Nesterov 0 0 0 -1 0 1 1 1 1 2 0/0 17:55 0:00 4:09
Petr Straka 0 0 0 -1 0 0 3 2 0 0 0/0 16:08 0:00 0:00
Ryan Lomberg 0 1 1 1 0 3 0 1 0 0 0/0 13:27 1:39 0:00
Scott Wilson 1 0 1 -1 2 4 1 1 1 0 1/2 23:13 3:33 3:29
T.J. Tynan 0 1 1 1 2 1 1 1 1 1 6/10 14:47 0:01 2:28
Tony DeAngelo 0 1 1 0 0 0 1 3 0 0 0/0 26:21 3:11 4:09
3 Stars
1 - Adam Tambellini (Tex)
2 - Daniel O'regan (Tex)
3 - Denis Gurianov (San)
Power Play
Little Stars - 2 on 6 Attempt(s) - 33.33%
Rampage - 1 on 3 Attempt(s) - 33.33%
Penalty Kill
Little Stars - 2 on 3 Attempt(s) - 66.67%
- Score 0 goal in Penalty Kill
Rampage - 4 on 6 Attempt(s) - 66.67%
- Score 0 goal in Penalty Kill
Team Stat
Little Stars - Hits : 24 - Faceoff Wins : 29 - Blocked Shots : 20 - Penalty Minutes : 6
Rampage - Hits : 20 - Faceoff Wins : 30 - Blocked Shots : 17 - Penalty Minutes : 12
Official
Referees : Dan O'Rourke and Reid Anderson
Linesman : David Brisebois and Ryan Daisy
Game Notes
13:58 of 1st period - Rampage goal is going for a video replay. After video review, Goal.
10:36 of 3rd period - Little Stars goal is going for a video replay. After video review, No Goal. The referee deems the play has been stopped, even if he had not physically had the opportunity to stop play by blowing his whistle.
Finance
Level 1 -- Attendance: 1709 (85.45%) -- Ticket Income $59,815
Level 2 -- Attendance: 1000 (100.00%) -- Ticket Income $15,000
Total Attendance: 2709 (90.30%)
Total Ticket Income: $74,815
Other Income: $3,741
Total Income: $78,556
Little Stars
5 vs 5 Forward
Center Left Wing Right Wing Time % Phy DF OF
1 Daniel O'regan Jordan LaVallee Ilya Mikheyev 40 1 2 2
2 Henrik Borgstrom Adam Tambellini Sebastian Wannstrom 30 1 2 2
3 Jason Dickinson Joakim Nygard Zach Budish 20 1 2 2
4 Roman Horak Michael Mersch Daniil Tarasov 10 1 2 2
5 vs 5 Defense
Defense Defense Time % Phy DF OF
1 Tyler Wotherspoon Anton Cederholm 40 1 2 2
2 Eric Knodel Reece Willcox 30 1 2 2
3 Tucker Poolman Ville Pokka 20 1 2 2
4 Tyler Wotherspoon Anton Cederholm 10 1 2 2
PowerPlay Forward
Center Left Wing Right Wing Time % Phy DF OF
1 Daniel O'regan Jordan LaVallee Ilya Mikheyev 60 0 2 3
2 Henrik Borgstrom Adam Tambellini Sebastian Wannstrom 40 0 3 2
PowerPlay Defense
Defense Defense Time % Phy DF OF
1 Tyler Wotherspoon Anton Cederholm 60 0 3 2
2 Eric Knodel Reece Willcox 40 0 2 3
Penalty Kill 4 Players Forward
Center Wing Time % Phy DF OF
1 Daniel O'regan Jordan LaVallee 60 0 3 2
2 Henrik Borgstrom Adam Tambellini 40 0 3 2
Penalty Kill 4 Players Defense
Defense Defense Time % Phy DF OF
1 Tyler Wotherspoon Anton Cederholm 60 0 3 2
2 Eric Knodel Reece Willcox 40 0 3 2
Penalty Kill - 3 Players Forward
Forward Time % Phy DF OF
1 Daniel O'regan 60 0 3 2
2 Henrik Borgstrom 40 0 3 2
Penalty Kill - 3 Players Defense
Defense Defense Time % Phy DF OF
1 Tyler Wotherspoon Anton Cederholm 60 0 3 2
2 Eric Knodel Reece Willcox 40 0 3 2
4 vs 4 Forward
Center Wing Time % Phy DF OF
1 Daniel O'regan Jordan LaVallee 60 0 2 3
2 Henrik Borgstrom Adam Tambellini 40 0 2 3
4 vs 4 Defense
Defense Defense Time % Phy DF OF
1 Tyler Wotherspoon Anton Cederholm 60 1 2 2
2 Eric Knodel Reece Willcox 40 1 2 2
Last Minutes Offensive
Center Left Wing Right Wing Defense Defense
Daniel O'regan Jordan LaVallee Ilya Mikheyev Tyler Wotherspoon Anton Cederholm
Last Minutes Defensive
Center Left Wing Right Wing Defense Defense
Daniel O'regan Jordan LaVallee Ilya Mikheyev Tyler Wotherspoon Anton Cederholm
Goaltenders
Starting : Dustin Tokarski
Backup : Connor Knapp
Extra Forwards
Normal : Daniel O'regan, Sebastian Wannstrom, Zach Budish - PP : Daniel O'regan, Sebastian Wannstrom - PK : Daniel O'regan
Extra Defensemen
Normal : Reece Willcox, Tucker Poolman, Ville Pokka - PP : Reece Willcox - PK : Reece Willcox, Tucker Poolman
Penalty Shots
Jordan LaVallee, Ilya Mikheyev, Adam Tambellini, Joakim Nygard, Daniel O'regan
Scratches
Emile Poirier (Healthy), Jean-Christophe Beaudin (Healthy), Justin Auger (Healthy), Lawrence Pilut (Healthy), Radel Fazleev (Healthy)
Rudolfs Balcers (Healthy), Shane Gersich (Healthy), Yakov Trenin (Healthy), Frederic Allard (Healthy), Matt Luff (Healthy)
Joey Anderson (Healthy), Jonathan Dahlen (Healthy), Givani Smith (Healthy)
Rampage
5 vs 5 Forward
Center Left Wing Right Wing Time % Phy DF OF
1 Jack Roslovic Scott Wilson Petr Straka 40 1 2 2
2 T.J. Tynan Ryan Lomberg Denis Gurianov 30 1 2 2
3 Jean-Sebastien Dea Jordan Greenway Mathieu Joseph 20 1 2 2
4 Dylan Gambrell Artturi Lehkonen Dylan Sikura 10 1 2 2
5 vs 5 Defense
Defense Defense Time % Phy DF OF
1 Kevan Miller Tony DeAngelo 40 1 2 2
2 Nikita Nesterov Ethan Bear 30 1 2 2
3 Adam Clendening Collin Miller 20 1 2 2
4 Kevan Miller Adam Clendening 10 1 2 2
PowerPlay Forward
Center Left Wing Right Wing Time % Phy DF OF
1 Jack Roslovic Scott Wilson Dylan Sikura 60 1 2 2
2 Jean-Sebastien Dea Ryan Lomberg Denis Gurianov 40 1 2 2
PowerPlay Defense
Defense Defense Time % Phy DF OF
1 Ethan Bear Tony DeAngelo 60 1 2 2
2 Kevan Miller Collin Miller 40 1 2 2
Penalty Kill 4 Players Forward
Center Wing Time % Phy DF OF
1 Jack Roslovic Scott Wilson 60 1 2 2
2 T.J. Tynan Mathieu Joseph 40 1 2 2
Penalty Kill 4 Players Defense
Defense Defense Time % Phy DF OF
1 Tony DeAngelo Nikita Nesterov 60 1 2 2
2 Collin Miller Adam Clendening 40 1 2 2
Penalty Kill - 3 Players Forward
Forward Time % Phy DF OF
1 T.J. Tynan 60 1 2 2
2 Jack Roslovic 40 1 2 2
Penalty Kill - 3 Players Defense
Defense Defense Time % Phy DF OF
1 Nikita Nesterov Tony DeAngelo 60 1 2 2
2 Collin Miller Adam Clendening 40 1 2 2
4 vs 4 Forward
Center Wing Time % Phy DF OF
1 Jean-Sebastien Dea Petr Straka 60 1 2 2
2 T.J. Tynan Mathieu Joseph 40 1 2 2
4 vs 4 Defense
Defense Defense Time % Phy DF OF
1 Kevan Miller Tony DeAngelo 60 1 2 2
2 Collin Miller Nikita Nesterov 40 1 2 2
Last Minutes Offensive
Center Left Wing Right Wing Defense Defense
Jack Roslovic Scott Wilson Petr Straka Ethan Bear Tony DeAngelo
Last Minutes Defensive
Center Left Wing Right Wing Defense Defense
T.J. Tynan Scott Wilson Mathieu Joseph Adam Clendening Collin Miller
Goaltenders
Starting : Elvis Merzlikins
Backup : Brandon Halverson
Extra Forwards
Normal : Denis Gurianov, Jean-Sebastien Dea, Jordan Greenway - PP : Denis Gurianov, Jean-Sebastien Dea - PK : Jordan Greenway
Extra Defensemen
Normal : Ethan Bear, Nikita Nesterov, Collin Miller - PP : Ethan Bear - PK : Nikita Nesterov, Collin Miller
Penalty Shots
Jack Roslovic, Petr Straka, T.J. Tynan, Jean-Sebastien Dea, Dylan Sikura
Scratches
Brendan Lemieux (Suspend), Colton Sceviour (Healthy), Jacob De La Rose (Sports Hernia Injury), Roland McKeown (Abdomen/Ribs Injury), Timo Meier (Bruised Right Shoulder Injury)
Eamon McAdam (Healthy)
% Time on Ice - Little Stars
Lines # - Real PCT - Wanted PCT - Time Play
Normal Forward
1 - 32% - 40% - 14:33
2 - 27% - 30% - 11:59
3 - 22% - 20% - 9:50
4 - 19% - 10% - 8:46
Normal Defense
1 - 39% - 40% - 17:33
2 - 33% - 30% - 14:47
3 - 24% - 20% - 11:03
4 - 4% - 10% - 1:45
PP Forward
1 - 54% - 60% - 4:31
2 - 46% - 40% - 3:55
PP Defense
1 - 59% - 60% - 5:01
2 - 41% - 40% - 3:25
PK Forward
1 - 86% - 60% - 4:28
2 - 14% - 40% - 0:44
PK Defense
1 - 71% - 60% - 3:40
2 - 29% - 40% - 1:32
PK3 Forward
1 - 0% - 60%
2 - 0% - 40%
PK3 Defense
1 - 0% - 60%
2 - 0% - 40%
44 Forward
1 - 0% - 60%
2 - 0% - 40%
44 Defense
1 - 0% - 60%
2 - 0% - 40%
Last Minute Offensive - 0:00
Last Minute Defensive - 1:14
Total
Forward - 60:00
Defense - 60:00
|
% Time on Ice - Rampage
Lines # - Real PCT - Wanted PCT - Time Play
Normal Forward
1 - 35% - 40% - 15:56
2 - 26% - 30% - 11:54
3 - 20% - 20% - 9:03
4 - 18% - 10% - 8:16
Normal Defense
1 - 42% - 40% - 18:56
2 - 31% - 30% - 13:56
3 - 21% - 20% - 9:18
4 - 7% - 10% - 2:59
PP Forward
1 - 68% - 60% - 3:33
2 - 32% - 40% - 1:39
PP Defense
1 - 70% - 60% - 3:39
2 - 30% - 40% - 1:33
PK Forward
1 - 73% - 60% - 6:07
2 - 27% - 40% - 2:19
PK Defense
1 - 49% - 60% - 4:09
2 - 51% - 40% - 4:17
PK3 Forward
1 - 0% - 60%
2 - 0% - 40%
PK3 Defense
1 - 0% - 60%
2 - 0% - 40%
44 Forward
1 - 0% - 60%
2 - 0% - 40%
44 Defense
1 - 0% - 60%
2 - 0% - 40%
Last Minute Offensive - 1:13
Last Minute Defensive - 0:00
Total
Forward - 60:00
Defense - 60:00
|
Play-by-Play
1st period
0:01 of 1st period - Jack Roslovic wins face-off versus Daniel O'regan in neutral zone.
0:12 of 1st period - Slapshot by Jack Roslovic.
0:12 of 1st period - Stopped by Dustin Tokarski without a rebound.
0:13 of 1st period - T.J. Tynan wins face-off versus Henrik Borgstrom in Little Stars zone.
0:24 of 1st period - Snap shot by Denis Gurianov.
0:24 of 1st period - Stopped by Dustin Tokarski without a rebound.
0:25 of 1st period - Jean-Sebastien Dea wins face-off versus Jason Dickinson in Little Stars zone.
1:34 of 1st period - Slapshot by Nikita Nesterov.
1:34 of 1st period - Stopped by Dustin Tokarski with a rebound.
1:36 of 1st period - Slapshot by Ethan Bear.
1:36 of 1st period - Stopped by Dustin Tokarski without a rebound.
1:37 of 1st period - Jack Roslovic wins face-off versus Daniel O'regan in Little Stars zone.
2:29 of 1st period - Nikita Nesterov is hit by Michael Mersch and loses puck.
3:04 of 1st period - Slapshot by Ethan Bear.
3:04 of 1st period - Deflect By Jordan Greenway.
3:04 of 1st period - Shot Blocked by Tyler Wotherspoon.
3:04 of 1st period - Puck is out of play.
3:05 of 1st period - Daniel O'regan wins face-off versus Denis Gurianov in Little Stars zone.
3:16 of 1st period - Slapshot by Denis Gurianov.
3:16 of 1st period - Shot Blocked by Tyler Wotherspoon.
3:32 of 1st period - Jack Roslovic is hit by Tyler Wotherspoon.
4:19 of 1st period - Wrist shot by Jordan LaVallee.
4:19 of 1st period - Shot Misses the Net.
4:21 of 1st period - Slapshot by Tucker Poolman.
4:21 of 1st period - Shot Blocked by Tony DeAngelo.
4:37 of 1st period - Wrist shot by Denis Gurianov.
4:37 of 1st period - Stopped by Dustin Tokarski with a rebound.
4:39 of 1st period - Slapshot by Tony DeAngelo.
4:39 of 1st period - Shot Blocked by Michael Mersch.
4:41 of 1st period - Wrist shot by T.J. Tynan.
4:41 of 1st period - Shot Blocked by Reece Willcox.
5:03 of 1st period - Wrist shot by Adam Tambellini.
5:03 of 1st period - Stopped by Elvis Merzlikins with a rebound.
5:05 of 1st period - Slapshot by Eric Knodel.
5:05 of 1st period - Stopped by Elvis Merzlikins with a rebound.
5:22 of 1st period - Tyler Wotherspoon is hit by Mathieu Joseph and loses puck.
5:33 of 1st period - Ethan Bear is hit by Daniel O'regan and loses puck.
5:54 of 1st period - Tucker Poolman is hit by Jack Roslovic and loses puck.
6:33 of 1st period - Backhand shot by Joakim Nygard.
6:33 of 1st period - Shot Blocked by Petr Straka.
6:35 of 1st period - Slapshot by Tucker Poolman.
6:35 of 1st period - Shot Blocked by Petr Straka.
6:53 of 1st period - Jordan LaVallee is hit by Jordan Greenway and loses puck.
7:00 of 1st period - Wrist shot by Mathieu Joseph.
7:00 of 1st period - Stopped by Dustin Tokarski with a rebound.
7:02 of 1st period - Snap shot by Jean-Sebastien Dea.
7:02 of 1st period - Shot Misses the Net.
8:10 of 1st period - Slapshot by Denis Gurianov.
8:10 of 1st period - Shot Misses the Net.
8:12 of 1st period - Snap shot by Ryan Lomberg.
8:12 of 1st period - Stopped by Dustin Tokarski without a rebound.
8:13 of 1st period - Daniel O'regan wins face-off versus Jack Roslovic in Little Stars zone.
8:22 of 1st period - Petr Straka is hit by Jordan LaVallee and loses puck.
8:39 of 1st period - Petr Straka is hit by Eric Knodel and loses puck.
9:00 of 1st period - Snap shot by Jack Roslovic.
9:00 of 1st period - Stopped by Dustin Tokarski with a rebound.
9:06 of 1st period - Petr Straka is hit by Henrik Borgstrom and loses puck.
10:09 of 1st period - Kevan Miller is hit by Daniel O'regan and loses puck.
10:29 of 1st period - Nikita Nesterov is hit by Ville Pokka and loses puck.
10:44 of 1st period - Ethan Bear is hit by Henrik Borgstrom and loses puck.
10:54 of 1st period - Icing by Henrik Borgstrom.
10:55 of 1st period - Jason Dickinson wins face-off versus T.J. Tynan in Little Stars zone.
11:00 of 1st period - Eric Knodel is hit by Denis Gurianov and loses puck.
11:05 of 1st period - Wrist shot by Denis Gurianov.
11:05 of 1st period - Stopped by Dustin Tokarski with a rebound.
11:17 of 1st period - Ilya Mikheyev is hit by Petr Straka and loses puck.
11:22 of 1st period - Wrist shot by Jack Roslovic.
11:22 of 1st period - Stopped by Dustin Tokarski without a rebound.
11:23 of 1st period - Jack Roslovic wins face-off versus Daniel O'regan in Little Stars zone.
11:24 of 1st period - Wrist shot by Petr Straka.
11:24 of 1st period - Shot Misses the Net.
11:26 of 1st period - Snap shot by Kevan Miller.
11:26 of 1st period - Stopped by Dustin Tokarski with a rebound.
11:28 of 1st period - Snap shot by Tony DeAngelo.
11:28 of 1st period - Shot Misses the Net.
11:30 of 1st period - Slapshot by Kevan Miller.
11:30 of 1st period - Shot Misses the Net.
12:35 of 1st period - Off-side.
12:36 of 1st period - Jack Roslovic wins face-off versus Henrik Borgstrom in neutral zone.
12:39 of 1st period - Henrik Borgstrom is hit by Petr Straka.
12:44 of 1st period - Minor Penalty to Eric Knodel for Hooking.
12:45 of 1st period - Jack Roslovic wins face-off versus Daniel O'regan in Little Stars zone.
12:56 of 1st period - Icing by Jack Roslovic.
12:57 of 1st period - Daniel O'regan wins face-off versus Jack Roslovic in Rampage zone.
12:58 of 1st period - Snap shot by Jordan LaVallee.
12:58 of 1st period - Shot Blocked by Ethan Bear.
13:16 of 1st period - Snap shot by Scott Wilson.
13:16 of 1st period - Shot Blocked by Daniel O'regan.
13:22 of 1st period - Slapshot by Jack Roslovic.
13:22 of 1st period - Shot Blocked by Tyler Wotherspoon.
13:34 of 1st period - Slapshot by Jack Roslovic.
13:34 of 1st period - Shot Blocked by Jordan LaVallee.
13:54 of 1st period - Snap shot by Jack Roslovic.
13:54 of 1st period - Shot Misses the Net.
13:56 of 1st period - Wrist shot by Jack Roslovic.
13:56 of 1st period - Shot Blocked by Tyler Wotherspoon.
13:58 of 1st period - Wrist shot by Scott Wilson.
13:58 of 1st period - Rampage goal is going for a video replay.
13:58 of 1st period - The goal is good.
13:58 of 1st period - Goal by Scott Wilson - Little Stars : 0 - Rampage : 1.
13:59 of 1st period - Henrik Borgstrom wins face-off versus T.J. Tynan in neutral zone.
14:24 of 1st period - Jean-Sebastien Dea is hit by Eric Knodel and loses puck.
14:45 of 1st period - Reece Willcox is hit by Artturi Lehkonen and loses puck.
15:50 of 1st period - Roman Horak is hit by Dylan Gambrell and loses puck.
16:35 of 1st period - Wrist shot by Adam Tambellini.
16:35 of 1st period - Shot Misses the Net.
16:38 of 1st period - Icing by Kevan Miller.
16:39 of 1st period - Daniel O'regan wins face-off versus T.J. Tynan in Rampage zone.
17:04 of 1st period - Slapshot by Ryan Lomberg.
17:04 of 1st period - Shot Misses the Net.
17:13 of 1st period - Icing by T.J. Tynan.
17:14 of 1st period - T.J. Tynan wins face-off versus Daniel O'regan in Rampage zone.
18:04 of 1st period - Icing by Jason Dickinson.
18:05 of 1st period - Jean-Sebastien Dea wins face-off versus Jason Dickinson in Little Stars zone.
18:06 of 1st period - Snap shot by Mathieu Joseph.
18:06 of 1st period - Stopped by Dustin Tokarski with a rebound.
18:19 of 1st period - Minor Penalty to Jean-Sebastien Dea for Hooking.
18:20 of 1st period - Daniel O'regan wins face-off versus Jack Roslovic in Rampage zone.
18:20 of 1st period - Snap shot by Ilya Mikheyev.
18:20 of 1st period - Shot Blocked by Adam Clendening.
18:22 of 1st period - Slapshot by Tyler Wotherspoon.
18:22 of 1st period - Stopped by Elvis Merzlikins with a rebound.
18:24 of 1st period - Wrist shot by Ilya Mikheyev.
18:24 of 1st period - Shot Misses the Net.
18:26 of 1st period - Snap shot by Anton Cederholm.
18:26 of 1st period - Deflect By Daniel O'regan.
18:26 of 1st period - Shot Misses the Net.
18:26 of 1st period - Puck is out of play.
18:27 of 1st period - Jack Roslovic wins face-off versus Daniel O'regan in Rampage zone.
18:40 of 1st period - Slapshot by Ilya Mikheyev.
18:40 of 1st period - Goal by Ilya Mikheyev - Little Stars : 1 - Rampage : 1.
18:41 of 1st period - Daniel O'regan wins face-off versus Jack Roslovic in neutral zone.
19:16 of 1st period - Snap shot by Sebastian Wannstrom.
19:16 of 1st period - Shot Misses the Net.
19:30 of 1st period - Wrist shot by Artturi Lehkonen.
19:30 of 1st period - Stopped by Dustin Tokarski with a rebound.
19:36 of 1st period - Slapshot by Dylan Sikura.
19:36 of 1st period - Shot Blocked by Ville Pokka.
19:38 of 1st period - Slapshot by Ethan Bear.
19:38 of 1st period - Stopped by Dustin Tokarski without a rebound.
19:39 of 1st period - Jack Roslovic wins face-off versus Daniel O'regan in Little Stars zone.
19:46 of 1st period - Snap shot by Scott Wilson.
19:46 of 1st period - Shot Hit the Post.
Goals for this period are 1 for Little Stars vs 1 for Rampage.
Shots for this period are 4 for Little Stars vs 15 for Rampage.
2nd period
0:01 of 2nd period - Daniel O'regan wins face-off versus Jack Roslovic in neutral zone.
0:45 of 2nd period - Icing by Henrik Borgstrom.
0:46 of 2nd period - Jason Dickinson wins face-off versus Jean-Sebastien Dea in Little Stars zone.
0:56 of 2nd period - Wrist shot by Jason Dickinson.
0:56 of 2nd period - Shot Misses the Net.
0:58 of 2nd period - Slapshot by Anton Cederholm.
0:58 of 2nd period - Stopped by Elvis Merzlikins with a rebound.
1:08 of 2nd period - Minor Penalty to Collin Miller for Tripping.
1:09 of 2nd period - Jack Roslovic wins face-off versus Daniel O'regan in Rampage zone.
1:44 of 2nd period - Backhand shot by Sebastian Wannstrom.
1:44 of 2nd period - Shot Misses the Net.
1:46 of 2nd period - Slapshot by Eric Knodel.
1:46 of 2nd period - Shot Blocked by Jack Roslovic.
2:52 of 2nd period - Reece Willcox is hit by Artturi Lehkonen and loses puck.
3:08 of 2nd period - Penalty to Collin Miller is over, Collin Miller is back on ice.
3:19 of 2nd period - Dylan Sikura is hit by Joakim Nygard and loses puck.
3:24 of 2nd period - Slapshot by Jason Dickinson.
3:24 of 2nd period - Shot Misses the Net.
3:42 of 2nd period - Snap shot by Roman Horak.
3:42 of 2nd period - Deflect By Daniil Tarasov.
3:42 of 2nd period - Shot Blocked by Ryan Lomberg.
3:42 of 2nd period - Puck is out of play.
3:43 of 2nd period - Jean-Sebastien Dea wins face-off versus Roman Horak in Rampage zone.
3:50 of 2nd period - Backhand shot by Michael Mersch.
3:50 of 2nd period - Stopped by Elvis Merzlikins with a rebound.
3:52 of 2nd period - Slapshot by Anton Cederholm.
3:52 of 2nd period - Shot Misses the Net.
3:54 of 2nd period - Slapshot by Anton Cederholm.
3:54 of 2nd period - Stopped by Elvis Merzlikins with a rebound.
3:56 of 2nd period - Slapshot by Anton Cederholm.
3:56 of 2nd period - Stopped by Elvis Merzlikins with a rebound.
3:58 of 2nd period - Wrist shot by Tyler Wotherspoon.
3:58 of 2nd period - Deflect By Nikita Nesterov.
3:58 of 2nd period - Stopped by Elvis Merzlikins with a rebound.
4:26 of 2nd period - Petr Straka is hit by Zach Budish and loses puck.
4:47 of 2nd period - Snap shot by Adam Tambellini.
4:47 of 2nd period - Shot Misses the Net.
4:57 of 2nd period - Wrist shot by Daniel O'regan.
4:57 of 2nd period - Shot Misses the Net.
5:09 of 2nd period - Snap shot by T.J. Tynan.
5:09 of 2nd period - Shot Blocked by Ilya Mikheyev.
5:11 of 2nd period - Wrist shot by Nikita Nesterov.
5:11 of 2nd period - Shot Blocked by Tyler Wotherspoon.
5:13 of 2nd period - Slapshot by Ethan Bear.
5:13 of 2nd period - Shot Misses the Net.
5:19 of 2nd period - Wrist shot by Ryan Lomberg.
5:19 of 2nd period - Stopped by Dustin Tokarski without a rebound.
5:20 of 2nd period - Scott Wilson wins face-off versus Henrik Borgstrom in Little Stars zone.
5:36 of 2nd period - Backhand shot by Adam Tambellini.
5:36 of 2nd period - Stopped by Elvis Merzlikins with a rebound.
5:48 of 2nd period - Snap shot by Zach Budish.
5:48 of 2nd period - Stopped by Elvis Merzlikins without a rebound.
5:49 of 2nd period - Jason Dickinson wins face-off versus Jean-Sebastien Dea in Rampage zone.
5:54 of 2nd period - Wrist shot by Jason Dickinson.
5:54 of 2nd period - Stopped by Elvis Merzlikins without a rebound.
5:55 of 2nd period - Daniel O'regan wins face-off versus Jack Roslovic in Rampage zone.
5:56 of 2nd period - Snap shot by Jordan LaVallee.
5:56 of 2nd period - Shot Misses the Net.
6:04 of 2nd period - Slapshot by Collin Miller.
6:04 of 2nd period - Shot Blocked by Jordan LaVallee.
6:06 of 2nd period - Slapshot by Jack Roslovic.
6:06 of 2nd period - Stopped by Dustin Tokarski without a rebound.
6:07 of 2nd period - Ilya Mikheyev wins face-off versus Jack Roslovic in Little Stars zone.
6:18 of 2nd period - Snap shot by Jordan LaVallee.
6:18 of 2nd period - Shot Misses the Net.
6:20 of 2nd period - Wrist shot by Daniel O'regan.
6:20 of 2nd period - Shot Hit the Post.
6:22 of 2nd period - Snap shot by Anton Cederholm.
6:22 of 2nd period - Shot Misses the Net.
7:19 of 2nd period - Snap shot by Michael Mersch.
7:19 of 2nd period - Shot Misses the Net.
9:00 of 2nd period - Slapshot by Daniel O'regan.
9:00 of 2nd period - Shot Misses the Net.
9:25 of 2nd period - Minor Penalty to Tyler Wotherspoon for Holding.
9:26 of 2nd period - Jack Roslovic wins face-off versus Daniel O'regan in Little Stars zone.
9:52 of 2nd period - Reece Willcox is hit by Adam Clendening and loses puck.
10:01 of 2nd period - Snap shot by Ryan Lomberg.
10:01 of 2nd period - Stopped by Dustin Tokarski with a rebound.
10:58 of 2nd period - Scott Wilson is hit by Reece Willcox and loses puck.
11:25 of 2nd period - Penalty to Tyler Wotherspoon is over, Tyler Wotherspoon is back on ice.
11:33 of 2nd period - Snap shot by Roman Horak.
11:33 of 2nd period - Shot Misses the Net.
11:35 of 2nd period - Slapshot by Tucker Poolman.
11:35 of 2nd period - Shot Misses the Net.
11:37 of 2nd period - Slapshot by Tucker Poolman.
11:37 of 2nd period - Deflect By Roman Horak.
11:37 of 2nd period - Stopped by Elvis Merzlikins without a rebound.
11:38 of 2nd period - Dylan Gambrell wins face-off versus Roman Horak in Rampage zone.
11:57 of 2nd period - Snap shot by Jordan Greenway.
11:57 of 2nd period - Shot Misses the Net.
12:10 of 2nd period - Snap shot by Henrik Borgstrom.
12:10 of 2nd period - Shot Blocked by Jordan Greenway.
12:12 of 2nd period - Wrist shot by Sebastian Wannstrom.
12:12 of 2nd period - Stopped by Elvis Merzlikins without a rebound.
12:13 of 2nd period - Daniel O'regan wins face-off versus Jack Roslovic in Rampage zone.
12:20 of 2nd period - Wrist shot by Daniel O'regan.
12:20 of 2nd period - Stopped by Elvis Merzlikins without a rebound.
12:21 of 2nd period - Daniel O'regan wins face-off versus Jack Roslovic in Rampage zone.
12:27 of 2nd period - Minor Penalty to Scott Wilson for Hooking.
12:28 of 2nd period - Daniel O'regan wins face-off versus Jack Roslovic in Rampage zone.
12:36 of 2nd period - Slapshot by Daniel O'regan.
12:36 of 2nd period - Goal by Daniel O'regan - Little Stars : 2 - Rampage : 1.
12:37 of 2nd period - Jack Roslovic wins face-off versus Ilya Mikheyev in neutral zone.
12:40 of 2nd period - Slapshot by Tony DeAngelo.
12:40 of 2nd period - Shot Misses the Net.
13:13 of 2nd period - Henrik Borgstrom is hit by T.J. Tynan and loses puck.
13:28 of 2nd period - Adam Clendening is hit by Henrik Borgstrom.
13:56 of 2nd period - Ethan Bear is hit by Joakim Nygard and loses puck.
14:37 of 2nd period - Off-side.
14:38 of 2nd period - Jack Roslovic wins face-off versus Jason Dickinson in neutral zone.
14:47 of 2nd period - Wrist shot by Joakim Nygard.
14:47 of 2nd period - Stopped by Elvis Merzlikins with a rebound.
14:49 of 2nd period - Slapshot by Tucker Poolman.
14:49 of 2nd period - Stopped by Elvis Merzlikins without a rebound.
14:50 of 2nd period - Daniel O'regan wins face-off versus Jack Roslovic in Rampage zone.
14:51 of 2nd period - Snap shot by Ilya Mikheyev.
14:51 of 2nd period - Stopped by Elvis Merzlikins without a rebound.
14:52 of 2nd period - Daniel O'regan wins face-off versus Scott Wilson in Rampage zone.
15:43 of 2nd period - Slapshot by Ethan Bear.
15:43 of 2nd period - Shot Blocked by Anton Cederholm.
16:03 of 2nd period - Wrist shot by Roman Horak.
16:03 of 2nd period - Shot Misses the Net.
16:27 of 2nd period - Wrist shot by Jack Roslovic.
16:27 of 2nd period - Shot Misses the Net.
16:39 of 2nd period - Adam Tambellini is hit by Tony DeAngelo and loses puck.
17:09 of 2nd period - Backhand shot by Artturi Lehkonen.
17:09 of 2nd period - Shot Misses the Net.
17:21 of 2nd period - Slapshot by Eric Knodel.
17:21 of 2nd period - Stopped by Elvis Merzlikins without a rebound.
17:22 of 2nd period - Daniel O'regan wins face-off versus Jean-Sebastien Dea in Rampage zone.
17:28 of 2nd period - Off-side.
17:29 of 2nd period - Jack Roslovic wins face-off versus Daniel O'regan in neutral zone.
17:38 of 2nd period - Slapshot by Jack Roslovic.
17:38 of 2nd period - Stopped by Dustin Tokarski without a rebound.
17:39 of 2nd period - Daniel O'regan wins face-off versus Jack Roslovic in Little Stars zone.
17:39 of 2nd period - Daniel O'regan is hit by Scott Wilson.
17:53 of 2nd period - Kevan Miller is hit by Jordan LaVallee and loses puck.
18:06 of 2nd period - Reece Willcox is hit by Petr Straka and loses puck.
18:53 of 2nd period - Slapshot by Ilya Mikheyev.
18:53 of 2nd period - Shot Misses the Net.
18:55 of 2nd period - Slapshot by Eric Knodel.
18:55 of 2nd period - Stopped by Elvis Merzlikins with a rebound.
18:57 of 2nd period - Snap shot by Daniel O'regan.
18:57 of 2nd period - Shot Blocked by Jack Roslovic.
18:59 of 2nd period - Slapshot by Eric Knodel.
18:59 of 2nd period - Shot Blocked by Scott Wilson.
19:01 of 2nd period - Snap shot by Jordan LaVallee.
19:01 of 2nd period - Stopped by Elvis Merzlikins with a rebound.
19:03 of 2nd period - Slapshot by Tucker Poolman.
19:03 of 2nd period - Deflect By Daniel O'regan.
19:03 of 2nd period - Stopped by Elvis Merzlikins with a rebound.
19:05 of 2nd period - Backhand shot by Jordan LaVallee.
19:05 of 2nd period - Shot Misses the Net.
19:09 of 2nd period - Slapshot by Jordan LaVallee.
19:09 of 2nd period - Stopped by Elvis Merzlikins with a rebound.
19:11 of 2nd period - Snap shot by Daniel O'regan.
19:11 of 2nd period - Stopped by Elvis Merzlikins without a rebound.
19:12 of 2nd period - Henrik Borgstrom wins face-off versus T.J. Tynan in Rampage zone.
19:18 of 2nd period - Minor Penalty to T.J. Tynan for Roughing.
19:19 of 2nd period - Henrik Borgstrom wins face-off versus Jordan Greenway in Rampage zone.
19:33 of 2nd period - Wrist shot by Adam Tambellini.
19:33 of 2nd period - Shot Blocked by Collin Miller.
Goals for this period are 1 for Little Stars vs 0 for Rampage.
Shots for this period are 21 for Little Stars vs 4 for Rampage.
3rd period
0:01 of 3rd period - Daniel O'regan wins face-off versus Jack Roslovic in neutral zone.
0:35 of 3rd period - Slapshot by Henrik Borgstrom.
0:35 of 3rd period - Stopped by Elvis Merzlikins with a rebound.
1:18 of 3rd period - Penalty to T.J. Tynan is over, T.J. Tynan is back on ice.
1:22 of 3rd period - Wrist shot by T.J. Tynan.
1:22 of 3rd period - Stopped by Dustin Tokarski with a rebound.
1:24 of 3rd period - Snap shot by Jordan Greenway.
1:24 of 3rd period - Shot Misses the Net.
2:02 of 3rd period - Tony DeAngelo is hit by Adam Tambellini and loses puck.
2:31 of 3rd period - Ethan Bear is hit by Daniil Tarasov.
2:50 of 3rd period - Minor Penalty to Mathieu Joseph for Hooking.
2:51 of 3rd period - Daniel O'regan wins face-off versus Jack Roslovic in Rampage zone.
2:52 of 3rd period - Wrist shot by Ilya Mikheyev.
2:52 of 3rd period - Shot Blocked by Tony DeAngelo.
2:54 of 3rd period - Backhand shot by Jordan LaVallee.
2:54 of 3rd period - Shot Misses the Net.
2:56 of 3rd period - Slapshot by Tyler Wotherspoon.
2:56 of 3rd period - Shot Misses the Net.
2:58 of 3rd period - Slapshot by Jordan LaVallee.
2:58 of 3rd period - Stopped by Elvis Merzlikins without a rebound.
2:59 of 3rd period - Daniel O'regan wins face-off versus Jack Roslovic in Rampage zone.
3:10 of 3rd period - Snap shot by Daniel O'regan.
3:10 of 3rd period - Shot Blocked by Tony DeAngelo.
3:12 of 3rd period - Slapshot by Daniel O'regan.
3:12 of 3rd period - Shot Misses the Net.
3:14 of 3rd period - Wrist shot by Daniel O'regan.
3:14 of 3rd period - Shot Misses the Net.
3:36 of 3rd period - Slapshot by Tyler Wotherspoon.
3:36 of 3rd period - Shot Blocked by Adam Clendening.
4:50 of 3rd period - Penalty to Mathieu Joseph is over, Mathieu Joseph is back on ice.
5:47 of 3rd period - Nikita Nesterov is hit by Adam Tambellini.
6:39 of 3rd period - Henrik Borgstrom is hit by Nikita Nesterov.
7:08 of 3rd period - Ville Pokka is hit by Mathieu Joseph and loses puck.
7:34 of 3rd period - Artturi Lehkonen is hit by Sebastian Wannstrom and loses puck.
7:48 of 3rd period - Off-side.
7:49 of 3rd period - T.J. Tynan wins face-off versus Jason Dickinson in neutral zone.
8:02 of 3rd period - Snap shot by Denis Gurianov.
8:02 of 3rd period - Goal by Denis Gurianov - Little Stars : 2 - Rampage : 2.
8:03 of 3rd period - Daniel O'regan wins face-off versus Jack Roslovic in neutral zone.
8:08 of 3rd period - Snap shot by Daniel O'regan.
8:08 of 3rd period - Stopped by Elvis Merzlikins without a rebound.
8:09 of 3rd period - Jack Roslovic wins face-off versus Daniel O'regan in Rampage zone.
8:14 of 3rd period - Snap shot by Ilya Mikheyev.
8:14 of 3rd period - Stopped by Elvis Merzlikins with a rebound.
8:16 of 3rd period - Snap shot by Ilya Mikheyev.
8:16 of 3rd period - Stopped by Elvis Merzlikins with a rebound.
8:23 of 3rd period - Minor Penalty to Ilya Mikheyev for Hooking.
8:24 of 3rd period - Jack Roslovic wins face-off versus Daniel O'regan in Little Stars zone.
8:31 of 3rd period - Slapshot by Tony DeAngelo.
8:31 of 3rd period - Deflect By Jack Roslovic.
8:31 of 3rd period - Shot Blocked by Anton Cederholm.
8:31 of 3rd period - Puck is out of play.
8:32 of 3rd period - Jack Roslovic wins face-off versus Daniel O'regan in Little Stars zone.
8:41 of 3rd period - Wrist shot by Scott Wilson.
8:41 of 3rd period - Stopped by Dustin Tokarski without a rebound.
8:42 of 3rd period - Jack Roslovic wins face-off versus Daniel O'regan in Little Stars zone.
8:45 of 3rd period - Slapshot by Tony DeAngelo.
8:45 of 3rd period - Shot Blocked by Tyler Wotherspoon.
9:15 of 3rd period - Slapshot by Denis Gurianov.
9:15 of 3rd period - Shot Blocked by Tyler Wotherspoon.
10:23 of 3rd period - Penalty to Ilya Mikheyev is over, Ilya Mikheyev is back on ice.
10:28 of 3rd period - Off-side.
10:29 of 3rd period - Roman Horak wins face-off versus Jean-Sebastien Dea in neutral zone.
10:34 of 3rd period - Snap shot by Michael Mersch.
10:34 of 3rd period - Stopped by Elvis Merzlikins with a rebound.
10:36 of 3rd period - Snap shot by Roman Horak.
10:36 of 3rd period - Little Stars goal is going for a video replay.
10:36 of 3rd period - The goal is refused. The referee deems the play has been stopped, even if he had not physically had the opportunity to stop play by blowing his whistle..
10:37 of 3rd period - T.J. Tynan wins face-off versus Henrik Borgstrom in Rampage zone.
10:39 of 3rd period - Icing by Denis Gurianov.
10:40 of 3rd period - T.J. Tynan wins face-off versus Henrik Borgstrom in Rampage zone.
11:29 of 3rd period - Zach Budish is hit by Jean-Sebastien Dea and loses puck.
12:32 of 3rd period - Tony DeAngelo is hit by Ilya Mikheyev and loses puck.
12:47 of 3rd period - Slapshot by Tony DeAngelo.
12:47 of 3rd period - Shot Misses the Net.
12:49 of 3rd period - Slapshot by Tony DeAngelo.
12:49 of 3rd period - Shot Blocked by Ilya Mikheyev.
13:15 of 3rd period - Snap shot by Jordan LaVallee.
13:15 of 3rd period - Shot Hit the Post.
13:30 of 3rd period - Off-side.
13:31 of 3rd period - Henrik Borgstrom wins face-off versus Jack Roslovic in neutral zone.
13:36 of 3rd period - Slapshot by Adam Tambellini.
13:36 of 3rd period - Goal by Adam Tambellini - Little Stars : 3 - Rampage : 2.
13:37 of 3rd period - Jack Roslovic wins face-off versus Henrik Borgstrom in neutral zone.
15:12 of 3rd period - Wrist shot by Scott Wilson.
15:12 of 3rd period - Shot Blocked by Daniil Tarasov.
15:14 of 3rd period - Slapshot by Adam Clendening.
15:14 of 3rd period - Stopped by Dustin Tokarski with a rebound.
15:16 of 3rd period - Wrist shot by Scott Wilson.
15:16 of 3rd period - Shot Misses the Net.
15:18 of 3rd period - Wrist shot by Jack Roslovic.
15:18 of 3rd period - Stopped by Dustin Tokarski without a rebound.
15:19 of 3rd period - Jason Dickinson wins face-off versus Jean-Sebastien Dea in Little Stars zone.
15:19 of 3rd period - Jason Dickinson is hit by Jordan Greenway.
15:37 of 3rd period - Jason Dickinson is hit by Mathieu Joseph and loses puck.
15:39 of 3rd period - Minor Penalty to Jean-Sebastien Dea for Tripping.
15:40 of 3rd period - T.J. Tynan wins face-off versus Daniel O'regan in Rampage zone.
15:51 of 3rd period - Wrist shot by Daniel O'regan.
15:51 of 3rd period - Shot Blocked by T.J. Tynan.
16:12 of 3rd period - Artturi Lehkonen is hit by Adam Tambellini and loses puck.
17:39 of 3rd period - Penalty to Jean-Sebastien Dea is over, Jean-Sebastien Dea is back on ice.
17:44 of 3rd period - Daniil Tarasov is hit by Jean-Sebastien Dea and loses puck.
17:55 of 3rd period - Adam Clendening is hit by Zach Budish and loses puck.
18:57 of 3rd period - Rampage, Elvis Merzlikins is pulled from the net.
19:09 of 3rd period - Slapshot by Tucker Poolman.
19:09 of 3rd period - Shot Blocked by Nikita Nesterov.
19:11 of 3rd period - Slapshot by Tucker Poolman.
19:11 of 3rd period - Deflect By Ilya Mikheyev.
19:11 of 3rd period - Shot Blocked by Ethan Bear.
19:11 of 3rd period - Puck is out of play.
19:12 of 3rd period - Teemu Selanne call a timeout for Rampage.
19:12 of 3rd period - Elvis Merzlikins from Rampage was sent back in the game.
19:12 of 3rd period - Jean-Sebastien Dea wins face-off versus Daniel O'regan in Rampage zone.
19:17 of 3rd period - Rampage, Elvis Merzlikins is pulled from the net.
19:29 of 3rd period - Snap shot by Petr Straka.
19:29 of 3rd period - Shot Blocked by Tyler Wotherspoon.
19:31 of 3rd period - Slapshot by Nikita Nesterov.
19:31 of 3rd period - Shot Misses the Net.
19:33 of 3rd period - Snap shot by Ethan Bear.
19:33 of 3rd period - Stopped by Dustin Tokarski without a rebound.
19:34 of 3rd period - Jean-Sebastien Dea wins face-off versus Ilya Mikheyev in Little Stars zone.
19:34 of 3rd period - Jean-Sebastien Dea is hit by Jordan LaVallee.
19:42 of 3rd period - Wrist shot by Scott Wilson.
19:42 of 3rd period - Stopped by Dustin Tokarski with a rebound.
19:46 of 3rd period - Wrist shot by Petr Straka.
19:46 of 3rd period - Deflect By Scott Wilson.
19:46 of 3rd period - Stopped by Dustin Tokarski with a rebound.
19:58 of 3rd period - Snap shot by Scott Wilson.
19:58 of 3rd period - Shot Blocked by Anton Cederholm.
Goals for this period are 1 for Little Stars vs 1 for Rampage.
Shots for this period are 8 for Little Stars vs 8 for Rampage.
Output by the SimonT Hockey Simulator (STHS) for Francois Prevost